Cogmind - Beta 14 @@@ ROGUE MODE // 2024.08.25 @ 02:28:16 Player: porkhorse Result: Self-destructed Performance ------------- Evolutions (1) 500 Regions Visited (3) 600 Robots Destroyed (54) 270 Value Destroyed (1183) 1183 Prototype IDs (5) 100 Alien Tech Used (0) 0 Bonus (33) 33 TOTAL SCORE: 2686 Bonus ------- High Alert Combat Kills 33 Cogmind --------- Core Integrity 352/400 Matter 156/300 Energy 230/250 System Corruption 0% Temperature Cool (0) Movement Walking (120) Location -9/Materials Parts ------- > --- POWER (1) -------- Ion Engine > --- PROPULSION (3) --- Aluminum Leg Aluminum Leg Aluminum Leg > --- UTILITY (3) ------ Medium Storage Unit Hardened Medium Armor Plating Hacking Suite > --- WEAPON (2) ------- Enhanced Autogun Enhanced Autogun > --- INVENTORY (10) --- Light Nuclear Core Improved Aluminum Leg Improved Heat Sink Compact Matter Pod (150) Hacking Suite Tractor Beam Improved Light Cannon Assault Cannon Rocket Launcher Hammer Peak State ------------ > --- POWER ------------ Light Nuclear Core > --- PROPULSION ------- Aluminum Leg Aluminum Leg Aluminum Leg > --- UTILITY ---------- Medium Storage Unit Hardened Medium Armor Plating Hacking Suite > --- WEAPON ----------- Enhanced Autogun Enhanced Autogun > --- INVENTORY -------- Light Nuclear Core Aluminum Leg Improved Aluminum Leg Improved Heat Sink Compact Matter Pod Propulsion Shielding Hacking Suite Improved Light Cannon Assault Cannon Grenade Launcher [Rating: 23] Favorites ----------- Power Ion Engine Engine Ion Engine Power Core Light Nuclear Core Propulsion Aluminum Leg Leg Aluminum Leg Utility Medium Storage Unit Device Tractor Beam Storage Medium Storage Unit Hackware Hacking Suite Protection Hardened Medium Armor Plating Weapon Heavy Assault Rifle Energy Gun Medium Laser Ballistic Gun Heavy Assault Rifle Ballistic Cannon Assault Cannon Build | -11 -10 -10 -9 ------- Run | Yrd Mat Min Mat Slots Evolved 2 | . . . 2 Power . | . . . . Propulsion 1 | . . . 1 Utility 1 | . . . 1 Weapon . | . . . . Parts Attached 54 | 7 14 7 26 Power 7 | 1 1 . 5 Engine 5 | 1 1 . 3 Core 2 | . . . 2 Reactor . | . . . . Propulsion 16 | 2 6 . 8 Treads . | . . . . Leg 16 | 2 6 . 8 Wheel . | . . . . Hover . | . . . . Flight . | . . . . Utility 17 | 2 2 4 9 Device 10 | 1 1 4 4 Storage 4 | 1 1 . 2 Processor . | . . . . Hackware 1 | . . . 1 Protection 2 | . . . 2 Artifact . | . . . . Weapon 14 | 2 5 3 4 Energy Gun 2 | 1 1 . . Energy Cannon . | . . . . Ballistic Gun 10 | 1 4 2 3 Ballistic Cannon 2 | . . 1 1 Launcher . | . . . . Special Weapon . | . . . . Impact Weapon . | . . . . Slashing Weapon . | . . . . Piercing Weapon . | . . . . Special Melee Weapon . | . . . . Unidentified Prototypes 1 | . . . 1 Corrupted Parts 2 | . . 2 . System Corruption 6 | . . 6 . Parts Lost 7 | . 5 . 2 Power 2 | . 1 . 1 Propulsion 1 | . 1 . . Utility 2 | . 1 . 1 Weapon 2 | . 2 . . Highest Loss Streak 2 | . 2 . 1 To Critical Strikes . | . . . . Average Slot Usage (%) 96 | . 92 100 99 Engine 8 | . 7 14 8 Leg 30 | . 27 28 33 Device 14 | . 14 14 15 Storage 12 | . 14 14 11 Hackware 1 | . . . 3 Energy Gun 3 | . 8 . . Ballistic Gun 19 | . 19 27 16 Ballistic Cannon 2 | . . . 5 Peak Build Rating 23 | 7 10 13 23 Average Rating 11 | 5 7 11 16 On Entrance 7 | . 7 10 11 Naked Turns . | . . . . Heaviest Build 29 | 15 22 24 29 Greatest Support 36 | 20 20 20 36 Greatest Overweight (x) 2 | 2 1 1 . Average Overweight (x) . | . . 1 . Largest Inventory Capacity 10 | 8 10 10 10 Average Capacity 9 | 7 9 10 9 Most Carried 10 | 3 10 10 10 Average Carried 8 | 2 7 9 9 Final Capacity 10 | 8 10 10 10 Final Carried 10 | 3 10 10 10 Class Distribution -------------------- 60% | Mutant 39% | Scavenger-Mutant Dominant Class ---------------- Mutant | -10/Materials Mutant | -10/Mines Scavenger-Mutant | -9/Materials Resources | -11 -10 -10 -9 ----------- Run | Yrd Mat Min Mat Matter Collected 1632 | 305 277 202 848 Remotely 790 | . 85 202 503 Salvage Created 1754 | 228 569 97 860 Parts 99 | 13 36 3 47 Haulers Intercepted 3 | . 1 . 2 Recyclers Shooed 1 | . . . 1 Parts Field Recycled . | . . . . Retrieved Matter . | . . . . Parts Self-Destructed . | . . . . Prevented . | . . . . Kills | -11 -10 -10 -9 ------- Run | Yrd Mat Min Mat Combat Hostiles Destroyed 40 | . 16 2 22 Guns 34 | . 16 2 16 Cannons 6 | . . . 6 Classes Destroyed 10 | 2 4 . 4 Worker 1 | . . . 1 Builder 1 | . 1 . . Tunneler 5 | 5 . . . Hauler 3 | . 1 . 2 Recycler 3 | 1 . . 2 Watcher 1 | . . . 1 Swarmer 15 | . 6 . 9 Grunt 20 | . 10 2 8 Brawler 1 | . . . 1 Sentry 4 | . . . 4 Best Kill Streak 8 | 2 5 2 8 Combat Bots Only 7 | . 4 2 7 Max Kills in Single Turn 2 | 1 2 1 1 Gunslinging . | . . . . Exploded . | . . . . Melee . | . . . . Uniques/NPCs Destroyed . | . . . . Combat | -11 -10 -10 -9 -------- Run | Yrd Mat Min Mat Hostile Shots Fired 227 | . 121 7 99 Missed 76 | . 36 5 35 Damage Taken 1887 | . 875 61 951 Core 287 | . 229 10 48 Absorbed by Shields . | . . . . Core Remaining (%) 52 | 100 . 4 . Volleys Fired 171 | 15 65 9 82 Largest 2 | 2 2 2 2 Hottest 70 | 70 70 48 67 Shots Fired 327 | 30 115 18 164 Gun 299 | 30 115 18 136 Cannon 28 | . . . 28 Launcher . | . . . . Special . | . . . . Kinetic 283 | 15 86 18 164 Thermal 44 | 15 29 . . Explosive . | . . . . Electromagnetic . | . . . . Robot Hit Streak 14 | 6 8 8 14 Robot Miss Streak 7 | 3 4 3 7 Penetration Max . | . . . . Secondary Targets 4 | . 3 . 1 Max Gunslinging Chain 1 | . 1 . 1 Shots Hit Robots 196 | 17 71 13 95 Core Hits 74 | 7 33 3 31 Critical Kills 1 | . 1 . . Critical Parts Destroyed . | . . . . Critical Strikes 3 | . 3 . . Burn 2 | . 2 . . Destroy 1 | . 1 . . Melee Attacks . | . . . . Impact . | . . . . Slashing . | . . . . Piercing . | . . . . Sneak Attacks . | . . . . Combat Hostiles . | . . . . Follow-up Attacks . | . . . . Damage Inflicted 2989 | 213 753 197 1826 Guns 2540 | 213 753 197 1377 Cannons 449 | . . . 449 Explosions . | . . . . Melee . | . . . . Ramming . | . . . . Kinetic 2666 | 88 555 197 1826 Thermal 323 | 125 198 . . Explosive . | . . . . Electromagnetic . | . . . . Impact . | . . . . Slashing . | . . . . Piercing . | . . . . Highest Corruption 7 | . 1 7 . Average Corruption 2 | . 1 5 . Corruption Purged . | . . . . Corruption Blocked . | . . . . Effects 12 | . 5 7 . Message Errors 2 | . 2 . . Matter Fused 2 | . 1 1 . Heat Flow Errors 4 | . 1 3 . Energy Discharges 1 | . . 1 . Data Loss (minor) 3 | . 1 2 . Overload Shots . | . . . . Overflow Damage 18 | . . . 18 Projectiles . | . . . . Explosions 18 | . . . 18 Melee . | . . . . Knockbacks . | . . . . Impact . | . . . . Kinetic . | . . . . Secondary . | . . . . Self-Inflicted Damage 112 | . . . 112 Shots 1 | . . . 1 Rammed . | . . . . Targets Rammed 1 | . 1 . . Kicked 1 | . 1 . . Crushed . | . . . . Highest Temperature 279 | 36 160 279 206 Average Temperature 54 | 15 52 108 49 Received Heat Transfer 657 | . 390 12 255 Effects 1 | . . 1 . Energy Bleed 1 | . . 1 . Siege Activations . | . . . . Robots Corrupted . | . . . . Combat Hostiles . | . . . . Parts Fried . | . . . . Impact Corruptions . | . . . . Robots Melted . | . . . . Combat Hostiles . | . . . . Parts Melted 4 | . 2 . 2 Heat Transferred 1073 | 370 703 . . Parts Sabotaged . | . . . . Parts Stolen . | . . . . Parts Stripped . | . . . . Power Chain Reactions . | . . . . Alert | -11 -10 -10 -9 ------- Run | Yrd Mat Min Mat Peak Influence 503 | 30 315 77 503 Initial 29 | . 19 27 29 Average 140 | 17 149 38 186 Maximum Alert Level 2 | . 1 . 2 Low Security (%) 77 | 100 86 100 55 Level 1 19 | . 13 . 36 Level 2 2 | . . . 7 Level 3 . | . . . . Level 4 . | . . . . Level 5 . | . . . . High Security . | . . . . Max Security . | . . . . Squads Dispatched 8 | . 3 . 5 Investigation 5 | . 2 . 3 Extermination . | . . . . Reinforcement 3 | . 1 . 2 Assault . | . . . . Garrison . | . . . . Intercept . | . . . . Searches Triggered . | . . . . Construction Impeded . | . . . . Haulers Reinforced . | . . . . Active Scanning Responses . | . . . . Cargo Convoy Interrupts . | . . . . Stealth | -11 -10 -10 -9 --------- Run | Yrd Mat Min Mat Distress Signals 3 | . 1 . 2 Communications Jammed . | . . . . Distress Signals . | . . . . Times Spotted 65 | . 29 2 34 Peak Tracking Total 6 | . 5 2 6 Tactical Retreats 5 | . 3 . 2 Traps | -11 -10 -10 -9 ------- Run | Yrd Mat Min Mat Traps Triggered 1 | . . 1 . Indirectly . | . . . . Trap Hack Attempts . | . . . . Triggered . | . . . . Disarmed . | . . . . Reprogrammed . | . . . . Reused . | . . . . Traps Extracted . | . . . . Installed . | . . . . Triggered . | . . . . Machines | -11 -10 -10 -9 ---------- Run | Yrd Mat Min Mat Machines Disabled 3 | . . . 3 Max in Single Turn 1 | . . . 1 Machines Repaired . | . . . . Machines Dismantled . | . . . . Machines Sabotaged . | . . . . Overloaded Fab Kills . | . . . . Hacking | -11 -10 -10 -9 --------- Run | Yrd Mat Min Mat Machines Accessed 13 | . 7 1 5 Terminals 8 | . 5 . 3 Fabricators . | . . . . Repair Stations . | . . . . Recycling Units 3 | . 2 . 1 Scanalyzers 1 | . . . 1 Garrison Access . | . . . . Total Hacks 46 | . 26 1 19 Successful 21 | . 12 1 8 Failed 25 | . 14 . 11 Catastrophic 5 | . 4 . 1 Database Lockouts . | . . . . Manual 25 | . 15 . 10 Terminals 31 | . 18 . 13 Fabricators . | . . . . Repair Stations . | . . . . Recycling Units 10 | . 8 . 2 Scanalyzers 4 | . . . 4 Garrison Access . | . . . . Terminal Hacks 10 | . 6 1 3 Robot Analysis 2 | . 2 . . Prototype ID Bank 3 | . 2 . 1 Open Door 1 | . . 1 . Terminal Index 1 | . 1 . . Locate Traps 2 | . 1 . 1 Recall Reinforcements 1 | . . . 1 Fabricator Hacks . | . . . . Repair Station Hacks . | . . . . Recycling Unit Hacks 6 | . 5 . 1 Report Inventory 6 | . 5 . 1 Scanalyzer 3 | . . . 3 Insert Component 2 | . . . 2 Analyze 1 | . . . 1 Garrison Access Hacks . | . . . . Unauthorized Hacks 2 | . 1 . 1 Terminals . | . . . . Fabricators . | . . . . Repair Stations . | . . . . Recycling Units 2 | . 1 . 1 Monitor 2 | . 1 . 1 Scanalyzers . | . . . . Garrison Access . | . . . . Data Cores Recovered . | . . . . Used . | . . . . Hacking Detections 11 | . 7 . 4 Full Trace Events 11 | . 7 . 4 Feedback Events 1 | . 1 . . Corruption 1 | . 1 . . Feedback Blocked . | . . . . Robot Schematics Acquired . | . . . . Robots Built . | . . . . Authchips . | . . . . Time . | . . . . Total Robot Build Rating . | . . . . Part Schematics Acquired 1 | . . . 1 Parts Built . | . . . . Authchips . | . . . . Time . | . . . . Total Part Build Rating . | . . . . Parts Repaired . | . . . . Time . | . . . . Parts Recycled . | . . . . Recycled Matter . | . . . . Retrieved Matter . | . . . . Retrieved Components . | . . . . Parts Scanalyzed 1 | . . . 1 Part Schematics Acquired 1 | . . . 1 Parts Damaged . | . . . . Bothacking | -11 -10 -10 -9 ------------ Run | Yrd Mat Min Mat Used RIF Installer . | . . . . Robots Hacked . | . . . . Non-combat . | . . . . Combat . | . . . . Robot Hacks Applied . | . . . . Relay Couplers Released . | . . . . Fabnet Peak Effective % . | . . . . Robots Rewired . | . . . . Allies Hacked . | . . . . Hacks Repelled . | . . . . Allies | -11 -10 -10 -9 -------- Run | Yrd Mat Min Mat Total Allies . | . . . . Largest Group . | . . . . Highest-Rated Group . | . . . . Highest-Rated Ally . | . . . . Total Orders . | . . . . Ally Attacks . | . . . . Total Damage . | . . . . Kills . | . . . . Allies Corrupted . | . . . . Allies Melted . | . . . . Intel | -11 -10 -10 -9 ------- Run | Yrd Mat Min Mat Robot Analysis Total 2 | . 2 . . Derelict Logs Recovered 2 | . . 2 . Drone Launches . | . . . . Drone Recoveries . | . . . . Exploration | -11 -10 -10 -9 ------------- Run | Yrd Mat Min Mat Turns Passed 3124 | 225 1326 387 1186 Spaces Moved 1811 | 144 777 160 730 Core 16 | 16 . . . Treads . | . . . . Legs 1795 | 128 777 160 730 Wheels . | . . . . Hover . | . . . . Flight . | . . . . Fastest Speed 50 | 50 120 190 120 Average Speed 130 | 116 130 190 120 Slowest Speed 190 | 150 190 190 120 Overloaded Moves . | . . . . Propulsion Burnouts . | . . . . Robots Hopped . | . . . . Cave-ins Triggered . | . . . . Exploration Rate (%) 46 | 6 89 29 62 Regions Visited 3 Branch Regions 1 Pre-discovered Areas . | . . . . Known Exits Taken . | . . . . Unknown Exits Taken 3 | 1 1 1 . Scrap Searched . | . . . . Spaces Dug . | . . . . Terrain Destroyed 29 | . . . 29 Melee . | . . . . Projectile 4 | . . . 4 AOE 25 | . . . 25 Terrain Rammed . | . . . . Walls Destroyed . | . . . . Machines Disabled . | . . . . Actions | -11 -10 -10 -9 --------- Run | Yrd Mat Min Mat Total 2301 | 168 987 228 918 Wait 183 | . 103 44 36 Move 1808 | 143 776 159 730 Hop . | . . . . Pick Up 45 | 3 16 4 22 Fast Attach 9 | 7 1 . 1 Attach 8 | . 4 1 3 Detach 1 | . . 1 . Swap 37 | . 9 6 22 Drop 38 | . 12 4 22 Fire 171 | 15 65 9 82 Melee . | . . . . Ram . | . . . . Kick 1 | . 1 . . Crush . | . . . . Escape Stasis . | . . . . Rewire . | . . . . Trap . | . . . . Miscellaneous . | . . . . Route ------- -11/Scrapyard -10/Materials (discovered 4 exits: *Mat x2 / *Min / [*Sub]) -10/Mines -9/Materials (discovered 4 exits: [*Mat] / [*Min] / [*Sto x2]) History --------- Turn | Location | Event 7 | -11/Scrapyard | Discovered new exit (range 15) 226 | -11/Scrapyard | Entered Materials 317 | -10/Materials | Build established: Mutant 529 | -10/Materials | Discovered new exit (range 7) 771 | -10/Materials | Build established: Scavenger-Mutant 1005 | -10/Materials | Core integrity fell below 50% 1016 | -10/Materials | Core integrity fell below 20% 1100 | -10/Materials | Discovered new exit (range 11) 1183 | -10/Materials | Build established: Mutant 1184 | -10/Materials | Discovered new exit (range 16) 1307 | -10/Materials | Discovered new exit (range 14) 1552 | -10/Materials | Entered Mines 1595 | -10/Mines | Met a Derelict who couldn't figure out how to use a Trap Extractor 1704 | -10/Mines | Learned Materials trap positions 1765 | -10/Mines | Discovered new exit (range 11) 1920 | -10/Mines | Learned Materials garrison access intel 1939 | -10/Mines | Entered Materials 1939 | -9/Materials | Evolved 2 slots: Propulsion x1, Utility x1 1940 | -9/Materials | Loaded intel: 15 trap records 2167 | -9/Materials | Discovered new exit (range 4) 2370 | -9/Materials | Build established: Scavenger-Mutant 2402 | -9/Materials | Discovered new exit (range 16) 2783 | -9/Materials | Discovered new exit (range 13) 2904 | -9/Materials | Discovered new exit (range 3) 3023 | -9/Materials | Destroyed 7 combat bots 3125 | -9/Materials | Self-destructed Last Messages --------------- 03100_ Acquired Lgt. Nuclear Core. 03102_ >> MONITOR: Recycling Unit M001 accepting Flight Unit (90%). 03103_ U-05 Engineer lays Concrete. 03105_ >> MONITOR: Recycling Unit M001 accepting Faulty Hvy. Ion Engine (100%). 03105_ U-05 Engineer builds a Wall. 03107_ Acquired 81 matter. 03108_ The unstable cave ceiling collapses. 03108_ >> MONITOR: Recycling Unit M001 accepting Grenade Launcher (100%). 03110_ U-05 Engineer lays Concrete. 03111_ >> MONITOR: Recycling Unit M001 accepting Faulty Hvy. Ion Engine (100%). 03111_ U-05 Engineer lays Concrete. 03112_ U-05 Engineer builds a Wall. 03118_ The unstable cave ceiling collapses. 03118_ U-05 Engineer builds a Door. 03119_ U-05 Engineer builds a Wall. 03119_ U-05 Engineer lays Concrete. Map ----- +----------------------------------------------------+ | | | | | | | | | | | | | | | | | | | | | | | | | ?????????????????????????????????????????? | | ?????????????????????????????????????????? | | ????????????????#######??????????????????? | | ???????????????? ??????????????????? | | ???????????????? ??????????????????? | | ???????????????? ??????????????????? | | ???????????????? ??????????????????? | | ????????????????# """"" ? #???????????? | | ????????????????# """"" #???????????? | | ????????????????# """"" #???????????? | | ????????????????# #???????????? | | ????????????????# ??????????????? | | ????????????????# ??????????????????? | | ????????????????#@ #?????????????????????? | | ????????????????# ##########????????????? | | ??????????####### # #????????????^ | | ?????????"" # # [ !!!#????????????? | | ??????# "T" """ # # !!!#????????????? | | ??????# """ # !!#????????????? | | ??????# """ + ! #????????????? | | ??????# # # #????????????? | | ??????# !# % #????????????? | | ??????# # # #????????????? | | ??????# # # u #????????????? | | ??????########### # # ##????????????? | | ????????????????## # #?????????????? | | ?????????????????# # ## ??????????? | | ?????????????????# ##### ???????? | | ????????########## #???? """ ???????? | | ????????# # ###?? """"" #??????? | | ????????#* !! # #???""""" #??????? | | ????????# # #???""""??????????? | | ????????# !+% #??? ?????????????? | | ????????# =# #?????????????????? | | ????????#[ # #?????????????????? | | ????????# ## #######+####??????? | | ????????# / ! ## =** =% ???? | | ????????# == ## ]%] [ ???? | +----------------------------------------------------+ Best States ------------- Heat Dissipation 38 Energy Generation 14 Energy Capacity 265 Matter Stores 300 Matter Capacity 300 Sight Range 16 Terrain Scan Density 10 Additional Mass Support 6 Armor Coverage 225 Evasion (%) 55 Offensive Hacking 10 Item Schematics ----------------- Assault Cannon | -9/Materials | Scanalyzed Robot Schematics ------------------ None Fabricated ------------ Nothing Alien Tech Used ----------------- None Achievements -------------- None Challenges ------------ None Game ------ Seed PlatingExpertSabre Manual? 0 Play Time 00:34:24 Cumulative 25.5 hours Start 2024.08.18 @ 02:15:11 End 2024.08.25 @ 02:28:16 Sessions 3 Manual Loads 0 Difficulty Rogue Special Mode None Game No. 29 Rogue 10 Adventurer 19 Explorer 0 Win Type - Total 0 Types 0/0/0/0/0/0/0/0/0 Lore% 7 Gallery% 21 Achievement% 17 Wizard Run 0 Options --------- Layout 1 ASCII 0 Keyboard 1 Movement Arrows Keybinds 0 Fullscreen 2 Font 24/Smallcaps Map View 50x35 Zoom Use 0% Tactical HUD 1 Map Filters NONE Filters NONE Steam 1 RUN: 91812045-f89f-4709-b68f-223a4304d84b